 Dungeon Crawl Stone Soup version 0.30-a0-218-gedb9141078 (webtiles) character file.

Game seed: 16269106066944377301

386 porpoise the Poker (level 6, -2/49 HPs)
             Began as a Demonspawn Gladiator on Oct 6, 2022.
             Slain by Pikel
             ... wielding a +2 whip of flaming
              (7 damage)
             ... on level 4 of the Dungeon.
             The game lasted 00:12:39 (3685 turns).

porpoise the Poker (Demonspawn Gladiator)           Turns: 3685, Time: 00:12:40

Health: -2/49      AC:  9    Str: 17    XL:     6   Next: 48%
Magic:  6/6        EV: 12    Int:  9    God:
Gold:   180        SH:  0    Dex: 14    Spells: 5/5 levels left

rFire   + . .      SeeInvis .    a - +0 trident
rCold   . . .      Faith    .    (no shield)
rNeg    + + .      Spirit   .    A - +2 leather armour {rF+}
rPois   +          Reflect  .    x - +0 helmet "Wekem" {rPois rN+}
rElec   .          Harm     .    f - +0 cloak
rCorr   .          Rampage  .    (no gloves)
Will    .....                    j - +0 pair of boots
Stlth   +.........               (no amulet)
HPRegen 0.28/turn                w - ring of positive energy
MPRegen 0.10/turn                (no ring)

@: no status effects
A: rugged brown scales 1, ignite blood 2
a: no special abilities


You were on level 4 of the Dungeon.
You visited 2 branches of the dungeon, and saw 5 of its levels.

You collected 180 gold pieces.

Inventory:

Hand Weapons
 a - a +0 trident (weapon)
 b - a +0 sling
Missiles
 d - 3 throwing nets
 e - a javelin
 v - 2 boomerangs (quivered)
Armour
 f - a +0 cloak (worn)
 j - a +0 pair of boots (worn)
 x - the +0 helmet "Wekem" (worn) {rPois rN+}
   (You took it off Robin on level 3 of the Dungeon)

   rPois:     It protects you from poison.
   rN:        It protects you from negative energy.
 y - a +0 ring mail
 A - a +2 leather armour of fire resistance (worn)
Jewellery
 w - a ring of positive energy (left hand)
Scrolls
 h - a scroll of fear {unknown}
 l - a scroll of silence {unknown}
 m - a scroll of fog
 n - a scroll of noise {unknown}
 o - a scroll of magic mapping {unknown}
 p - a scroll of immolation {unknown}
 r - a scroll of summoning {unknown}
 z - a scroll of teleportation {unknown}
Potions
 c - 2 potions of cancellation {unknown}
 g - a potion of ambrosia {unknown}
 i - 3 potions of heal wounds {unknown}
 k - 3 potions of invisibility {unknown}
 q - a potion of curing {unknown}
 s - a potion of might {unknown}
 t - 3 potions of attraction {unknown}
 u - a potion of flight {unknown}


   Skills:
 + Level 4.2 Fighting
 * Level 5.7 Polearms
 - Level 1.7 Throwing
 - Level 2.6 Dodging


You had 5 spell levels left.
You didn't know any spells.
Your spell library contained the following spells:

 Spells                   Type           Power      Damage    Failure   Level
 Freeze                   Ice            0%         1d3       45%         1
 Kiss of Death            Conj/Necr      0%         2d5       45%         1
 Confusing Touch          Hex            0%         N/A       83%         3
 Frozen Ramparts          Ice            0%         1d1       83%         3
 Hailstorm                Conj/Ice       0%         3d3       83%         3
 Dispel Undead            Necr           0%         3d6       99%         4


Dungeon Overview and Level Annotations

Branches:
Dungeon (4/15)             Temple (1/1) D:4

Altars:
Cheibriados
Dithmenos
Fedhas
Kikubaaqudgha
Makhleb
Nemelex Xobeh
Qazlal
Ru
Sif Muna
Trog
Uskayaw
Wu Jian
Xom
Yredelemnul

Shops:
D:1 [

Annotations:
D:3 1 runed translucent door, KennySheep's ghost, amateur OgFi
D:4 Pikel


Innate Abilities, Weirdness & Mutations

You are partially covered in rugged brown scales. (AC +1, +3% HP)
Your demonic aura often causes spilled blood to erupt in flames.


Message History

Reach: a) +0 trident
Press: ? - help, Dir - move target, f/p - Pikel
Aim: Pikel, wielding a +2 whip of flaming and wearing a +0 robe of fire resistance (severely wounded, about 45% to evade your +0 trident)
The lemure is in the way.
You barely miss the lemure. The lemure hits you.
Unknown command.
Reach: a) +0 trident
Press: ? - help, Dir - move target, f/p - Pikel
Aim: Pikel, wielding a +2 whip of flaming and wearing a +0 robe of fire resistance (severely wounded, about 45% to evade your +0 trident)
The lemure is in the way.
You hit the lemure but do no damage. The lemure hits you but does no damage.
Unknown command.
Reach: a) +0 trident
Press: ? - help, Dir - move target, f/p - Pikel
Aim: Pikel, wielding a +2 whip of flaming and wearing a +0 robe of fire resistance (severely wounded, about 45% to evade your +0 trident)
The lemure is in the way.
You barely miss the lemure. The lemure hits you.
Unknown command.
The lemure hits you. The gnoll misses you.
Reach: a) +0 trident
Press: ? - help, Dir - move target, f/p - Pikel
Aim: Pikel, wielding a +2 whip of flaming and wearing a +0 robe of fire resistance (severely wounded, about 45% to evade your +0 trident)
The lemure is in the way.
You closely miss the lemure.
The gnoll is no longer moving quickly.
The lemure hits you but does no damage.
Pikel checks his coin pouch and frowns.
The gnoll closely misses you.
Reach: a) +0 trident
Press: ? - help, Dir - move target, f/p - Pikel
Aim: Pikel, wielding a +2 whip of flaming and wearing a +0 robe of fire resistance (heavily wounded, about 45% to evade your +0 trident)
The lemure is in the way.
You barely miss the lemure. The lemure hits you but does no damage.
The gnoll hits you from afar with a +0 spear.
* * * LOW HITPOINT WARNING * * *
As you read the scroll labelled NEIJYPTUNYI, it crumbles to dust.
The scroll dissolves into smoke.
It was a scroll of fog.
The lemure hits you.
* * * LOW HITPOINT WARNING * * *
The gnoll hits you from afar with a +0 spear.
* * * LOW HITPOINT WARNING * * *
The lemure shouts!
The lemure barely misses you.
Pikel hits you with a +2 whip of flaming!
You die...

##.#....#####)#)#.#.# #
#.##......###)..#..#..
#.##.#......##...#...#
#.##.###.##.#..#....#
#.##.###..#.....#.....
####.##).........÷...#...
.......##.......#.......#
.......#..#..§#§.........
.......#.####§§§@####....
.........#####§§5Kg# #..S
.......##.....§§.#)# #..
..........####§§§#g### ..
####..##.........#g5.###
##.# #.####...###g..## #.
.# #...# ###g.#########
#. .# #...# ##g.#...g.K.
.. #...# ##g...)g.).


You could see Pikel, 2 lemures and 3 gnolls.

Vanquished Creatures
  An ogre (D:4)
  A lemure (D:4)
  An orc priest (D:4)
  A gnoll bouda (D:4)
  An iguana (D:3)
  An orc wizard (D:4)
  Robin (D:3)
  2 gnolls (D:4)
  6 adders
  2 worms
  2 dart slugs (D:1)
  12 orcs
  9 ball pythons
  6 bats
  4 endoplasms
  A giant cockroach (D:3)
  14 goblins
  12 hobgoblins
  3 jackals (D:1)
  6 kobolds
  2 quokkas (D:1)
  4 frilled lizards
  8 rats
100 creatures vanquished.

Notes
Turn   | Place    | Note
-------+----------+-------------------------------------------
     0 | D:1      | porpoise the Demonspawn Gladiator began the quest for the
                  | Orb.
     0 | D:1      | Reached XP level 1. HP: 16/16 MP: 1/1
   127 | D:1      | Reached skill level 3 in Polearms
   128 | D:1      | Gained mutation: You are partially covered in rugged brown
                  | scales. (AC +1, +3% HP) [demonic ancestry]
   128 | D:1      | Reached XP level 2. HP: 12/22 MP: 2/2
   461 | D:1      | Found a faded altar of an unknown god.
   649 | D:1      | Found Oghueb's Armour Emporium.
  1074 | D:2      | Gained mutation: Your demonic aura sometimes causes spilled
                  | blood to erupt in flames. [demonic ancestry]
  1074 | D:2      | Reached XP level 3. HP: 28/28 MP: 3/3
  1870 | D:2      | Reached skill level 4 in Polearms
  1870 | D:2      | Reached XP level 4. HP: 31/36 MP: 4/4
  1977 | D:3      | Found a runed translucent door.
  1989 | D:3      | Identified the +0 helmet "Wekem" {rPois rN+}
  1989 | D:3      | Noticed Robin
  1997 | D:3      | Noticed KennySheep's ghost (amateur OgFi)
  2463 | D:3      | Killed Robin
  2622 | D:3      | Gained mutation: Your demonic aura often causes spilled
                  | blood to erupt in flames. [demonic ancestry]
  2622 | D:3      | Reached XP level 5. HP: 9/42 MP: 5/5
  2964 | D:4      | Found a staircase to the Ecumenical Temple.
  3030 | Temple   | Entered the Ecumenical Temple
  3377 | D:4      | Reached skill level 5 in Polearms
  3572 | D:4      | Noticed an ogre
  3573 | D:4      | Killed an ogre
  3574 | D:4      | Reached XP level 6. HP: 49/49 MP: 6/6
  3606 | D:4      | Noticed Pikel
  3685 | D:4      | Slain by Pikel

Illustrated notes

Levels and vault maps discovered:
D:1:      lightli_arrival_flooded_house, layout_loops_ring,
          dreamdust_ecumenical_altar_angels_and_demons, serial_shops,
          nicolae_shop_behind_doors
D:2:      layout_loops_ring
D:3:      wander_river, layout_rooms, tso_metal_star,
          ebering_ghost_reflecting_pool, minmay_quantized, uniq_robin
D:4:      layout_rooms, lemuel_temple_firewalk_a, minmay_increasing_density,
          uniq_pikel
Temple:   nicolae_temple_great_sept

Skill      XL: |  1  2  3  4  5 |
---------------+----------------+-----
Polearms       | 3 4 5 |  5.7
Fighting       | 3 4 |  4.2
Throwing       | |  1.7
Dodging        | |  2.6

Action                   |  1- 3 |  4- 6 || total
-------------------------+-------+-------++-------
Melee: Trident           |   156 |   204 ||   360
       Punch             |       |     1 ||     1
 Fire: Sling             |       |     4 ||     4
Throw: Boomerang         |       |     5 ||     5
  Use: Scroll            |       |     1 ||     1
 Stab: Sleeping          |     4 |       ||     4
Armor: Leather armour    |    47 |    42 ||    89
       Ring mail         |       |     6 ||     6
Dodge: Dodged            |    90 |   108 ||   198

Table legend: (Time is in decaauts)
 A = Elapsed time spent in this place.
 B = Non-inter-level travel time spent in this place.
 C = Inter-level travel time spent in this place.
 D = Time resting spent in this place.
 E = Time spent auto-exploring this place.
 F = Levels seen in this place.
 G = Mean time per level.
                   A        B        C        D        E       F      G
               +--------+--------+--------+--------+--------+-----+--------+
         Total |   3733 |   3572 |    161 |    950 |   1632 |   5 |  746.6 |
       Dungeon |   3641 |   3491 |    150 |    950 |   1569 |   4 |  910.2 |
        Temple |     91 |     81 |     10 |      0 |     63 |   1 |   91.0 |
               +--------+--------+--------+--------+--------+-----+--------+

Top non-repeatable levels by time:
     D:3: 1084 daAuts
     D:1: 1071 daAuts
     D:2: 847 daAuts
     D:4: 638 daAuts
  Temple: 91 daAuts
